 Dungeon Crawl Stone Soup version 0.21-a0-591-g2314aa1 (webtiles) character file.

362 Lanoc the Skirmisher (level 6, -6/67 HPs)
             Began as an Ogre Abyssal Knight on Dec 22, 2017.
             Was a Follower of Trog.
             Mangled by a starcursed mass (15 damage)
             ... created by the touch of Lugonu
             ... on level 2 of the Dungeon.
             The game lasted 00:12:49 (2812 turns).

Lanoc the Skirmisher (Ogre Abyssal Knight)          Turns: 2812, Time: 00:12:50

Health: -6/67      AC:  3    Str: 15 (17) XL:     6   Next: 66%
Magic:  8/8        EV: 11    Int: 10 (13) God:    Trog [*.....]
Gold:   166        SH:  0    Dex: 10      Spells: 5/5 levels left

rFire    . . .     SeeInvis .   s - +0 quarterstaff
rCold    . . .     Gourm    .   (shield currently unavailable)
rNeg     . . .     Faith    .   b - +0 robe
rPois    .         Spirit   .   (helmet restricted)
rElec    .         Reflect  .   (no cloak)
rCorr    .         Harm     .   (gloves unavailable)
MR       .....                  (boots unavailable)
Stlth    +.........             p - amulet of rage
HPRegen  0.21/turn              A - +4 ring of slaying
MPRegen  0.11/turn              (no ring)

@: confused
A: large, unfitting armour, tough skin 1
a: Berserk, Burn Spellbooks, Renounce Religion, Evoke Berserk Rage


You were on level 2 of the Dungeon.
You worshipped Trog.
Trog was aware of your devotion.
You were not hungry.

You visited 1 branch of the dungeon, and saw 3 of its levels.
You visited the Abyss 1 time.
You also visited: Sewer.

You collected 166 gold pieces.

Inventory:

Hand Weapons
 f - the +10 shortbow of Nise {speed, rC+}
   (You found it on level 2 of the Abyss)

   Attacks with this weapon are significantly faster.
   It protects you from cold.
 s - a +0 quarterstaff (weapon)
Missiles
 i - 8 arrows
Armour
 b - a +0 robe (worn)
Jewellery
 p - an amulet of rage (around neck)
 A - a +4 ring of slaying (left hand)
Wands
 d - a wand of digging (12)
Scrolls
 a - a scroll of enchant armour {unknown}
 g - 4 scrolls of identify
 l - 2 scrolls of remove curse {unknown}
 m - a scroll of noise {unknown}
 r - 2 scrolls of fear {unknown}
 t - a scroll of fog {unknown}
 u - a scroll of blinking {unknown}
 w - 3 scrolls of teleportation {unknown}
 y - a scroll of magic mapping
Potions
 e - a potion of invisibility
 h - 2 potions of degeneration
 k - a potion of curing
 n - a potion of brilliance {unknown}
 o - a potion of lignification {unknown}
 q - a potion of might {unknown}
 v - a potion of heal wounds {unknown}
 x - a potion of magic {unknown}
 z - 2 potions of haste {unknown}
Comestibles
 c - 6 rations


   Skills:
 + Level 5.7 Fighting
   Level 1.8(2.2) Maces & Flails
 + Level 1.9(2.4) Staves
 + Level 2.0 Bows
 + Level 3.5 Dodging
   Level 3.6 Invocations


You had 5 spell levels left.
You didn't know any spells.

Dungeon Overview and Level Annotations

Branches:
Dungeon (3/15)

Altars:
Trog
Zin


Innate Abilities, Weirdness & Mutations

You are too large for most types of armour.
You have tough skin. (AC +1)


Message History

You climb upwards.
There is a stone staircase leading down here.
A large abomination is nearby!
Lugonu's wrath finds you! Space warps crazily around you!
Your surroundings suddenly seem different.
You are confused.
Lugonu sends minions to punish you.
A starcursed mass comes into view.
You bump into the rock wall.
A starcursed mass splits.
A chorus of shrieks assaults your mind.
* * * LOW HITPOINT WARNING * * *
You're too confused to move!
A chorus of shrieks assaults your mind.
* * * LOW HITPOINT WARNING * * *
The starcursed mass engulfs you.
* * * LOW HITPOINT WARNING * * *
You hit the starcursed mass but do no damage.
The starcursed mass engulfs you!
You die...

.........###...###.#
..........#....# #.#
...............# #.#
.....#.......#.# #.#
...)≈#.##..#.#.# #.#
...≈⌠........#.###.###
....§#.##............#
.....#.......#######.##
....[....##...XX@.....#
.........##..#######..#
§≈..###.###..# #..#
§..## #.# #..#######..#
..## #.# #.>......#..#
.## #.# #.######.#..#
## #.# #.# #.#..## #
#.# #.# #.#...# # #.#
#.# #.#.#.#


You could see 2 starcursed masses.

Vanquished Creatures
  The ghost of mopl the Ruffian, an amateur BaTm (D:3)
  3 gnolls (D:2)
  12 adders
  4 river rats (D:3)
  2 oozes
  4 worms (D:3)
  A dart slug (D:3)
  A leopard gecko (D:3)
  11 orcs (D:3)
  2 ball pythons (Sewer)
  5 giant cockroaches
  5 goblins
  A hobgoblin (D:2)
  11 jackals
  A quokka (D:2)
  4 bats (D:3)
  7 frilled lizards
  3 kobolds
  18 rats
96 creatures vanquished.

Notes
Turn   | Place    | Note
-------+----------+-------------------------------------------
     0 | Abyss:1  | Lanoc the Ogre Abyssal Knight began the quest for the Orb.
     0 | Abyss:1  | Reached XP level 1. HP: 24/24 MP: 2/2
    33 | Abyss:2  | Got a dazzling shortbow
    34 | Abyss:2  | Identified the +10 shortbow of Nise {speed, rC+} (You found it on level 2 of the Abyss)
    81 | Abyss:2  | Noticed a ynoxinul
   103 | Abyss:2  | Noticed a quicksilver dragon simulacrum
   104 | D:1      | Escaped the Abyss
   387 | D:1      | Reached XP level 2. HP: 32/32 MP: 3/3
   452 | D:1      | Reached * piety under Lugonu
   641 | D:2      | Reached XP level 3. HP: 40/40 MP: 4/4
   675 | D:2      | Reached skill level 1 in Bows
   676 | D:2      | Reached XP level 4. HP: 34/49 MP: 4/6
  1128 | D:3      | Reached skill level 5 in Fighting
  1158 | D:3      | Reached XP level 5. HP: 17/57 MP: 7/7
  1311 | D:3      | Found a glowing drain.
  1316 | Sewer    | Entered a sewer
  1394 | Sewer    | Reached ** piety under Lugonu
  1431 | Sewer    | Reached skill level 1 in Staves
  2033 | D:3      | Noticed mopl's ghost (amateur BaTm)
  2045 | D:3      | Killed mopl's ghost
  2045 | D:3      | Reached XP level 6. HP: 65/66 MP: 8/8
  2100 | D:3      | Found a glowing silver altar of Zin.
  2287 | D:3      | Found a faded altar of an unknown god.
  2296 | D:3      | Reached *** piety under Lugonu
  2360 | D:3      | Fell from the grace of Lugonu
  2360 | D:3      | Became a worshipper of Trog the Wrathful
  2360 | D:3      | Reached * piety under Trog
  2441 | D:3      | Noticed a large abomination
  2807 | D:2      | Noticed a starcursed mass
  2812 | D:2      | Mangled by a starcursed mass

Vault maps used:
D:1:      saegor_arrival_simple_c
D:2:      kennysheep_decorative_pillar
D:3:      lemuel_coloured_pillars_altar, chequers_ecumenical_altar_island,
          lightli_sewer_entry_pipes
Sewer:    sewer_co_cracked_pipes

Skill      XL: |  1  2  3  4  5  6 |
---------------+-------------------+-----
Bows           | 1 2 |  2.0
Invocations    | 3 |  3.6
Fighting       | 5 |  5.7
Dodging        | 3 |  3.5
Staves         | 1 |  1.9
Maces & Flails | |  1.8

Action                   |  1- 3 |  4- 6 || total
-------------------------+-------+-------++-------
Melee: Quarterstaff      |       |   151 ||   151
 Fire: Shortbow          |    34 |    49 ||    83
Invok: Depart the Abyss  |     1 |       ||     1
  Use: Scroll            |       |     2 ||     2
       Potion            |       |     3 ||     3
  Eat: Chunk             |       |     6 ||     6
Armor: Robe              |     1 |    61 ||    62
Dodge: Dodged            |     3 |    93 ||    96

Table legend:
 A = Spawn XP
 B = Non-spawn XP
 C = Spawn XP percentage of total XP
 D = Spawn monster count
 E = Non-spawn monster count
 F = Spawn count percentage of total count
 G = Total turns spent on level
                    A         B        C        D         E        F      G
               +---------+---------+-------+---------+---------+-------+---------
         Total |       0 |     518 |   0.0 |       0 |      96 |   0.0 |  2812
               +---------+---------+-------+---------+---------+-------+---------
           D:1 |       0 |      20 |   0.0 |       0 |      12 |   0.0 |   484
           D:2 |       0 |      82 |   0.0 |       0 |      11 |   0.0 |   784
           D:3 |       0 |     361 |   0.0 |       0 |      56 |   0.0 |  1042
         Sewer |       0 |      55 |   0.0 |       0 |      17 |   0.0 |   398
               +---------+---------+-------+---------+---------+-------+---------
